AoeStats
← JRoBot

Arabian Desert

510099057Analyzed
1v1 RM · 4d ago on Sep 29, 2026· 24m 24s· 2 players
Game mode
Random Map
Map size
Tiny (2 player)
Population
200
Speed
Normal
Resources
Standard
Victory
Conquest
Starting age
Dark Age
Ending age
Imperial Age
RankedLock teamsTeams togetherTeam positionsShared explorationLock speedFull tech treeHidden civsTurbo modeCheats
Victory
Defeat
🇮🇹 Koreans · Italy
973
+15
🇸🇰 Maya · Slovakia
949
-44
JRoBot
0:25 Loom
11:56 Feudal Age
14:54 Double-Bit Axe
15:19 Man-at-Arms
16:29 Horse Collar
Tussl80
7:29 Loom
11:12 Feudal Age
15:51 Man-at-Arms
23:25 Fletching
Connection lost

Rejoining the realm…

Still unreachable

The connection could not be restored.

Session expired

The server has moved on; the page needs a fresh start.